 Dungeon Crawl Stone Soup version 0.31-a0-424-g41b3b0883d (webtiles) character file.

Game seed: 11026506755464979886

102869 Conn the Eclecticist (level 16, -1/91 HPs)
             Began as an Octopode Fire Elementalist on July 30, 2023.
             Was a High Priest of Sif Muna.
             Killed from afar by a thorn hunter (24 damage)
             ... with a volley of thorns
             ... on level 1 of the Swamp.
             The game lasted 02:09:22 (32756 turns).

Conn the Eclecticist (Octopode Fire Elementalist)  Turns: 32756, Time: 02:09:22

Health: -1/91      AC:  3    Str: 13    XL:     16   Next: 34%
Magic:  20/42      EV: 15    Int: 27    God:    Sif Muna [*****.]
Gold:   4693       SH:  5    Dex: 20    Spells: 5/48 levels left

rFire   + + .        s - staff of fire
rCold   x . .        (no shield)
rNeg    . . .        l - +2 hat
rPois   +            f - amulet of reflection
rElec   .            k - ring of flight
rCorr   +            n - ring of fire
SInv    .            r - ring of magical power
Will    +....        I - ring of wizardry
Stlth   ++++         N - ring of wizardry
HPRegen 0.35/turn    O - +6 ring of dexterity
MPRegen 0.28/turn    S - ring of Awe {rCorr Int+3}
                     Q - +6 ring of strength

%: reflection, wizardry (x2)
@: flying, unable to drink
A: almost no armour, amphibious, 8 rings, camouflage 1, gelatinous body 1,
(nimble swimmer 1), tentacles, tentacle spike 2, low MP 1, poison resistance,
inability to drink after injury 1
a: Renounce Religion, Channel Magic, Forget Spell, Divine Exegesis


You were on level 1 of the Swamp.
You worshipped Sif Muna.
Sif Muna was extremely pleased with you.
You visited 4 branches of the dungeon, and saw 23 of its levels.
You also visited: Ossuary and Volcano.

You collected 4693 gold pieces.

Inventory:

Hand Weapons
 P - a +3 dagger of freezing
Missiles
 o - 6 throwing nets
 T - 6 curare-tipped darts (quivered)
Armour
 l - a +2 hat (worn)
 C - a +0 kite shield
Magical Staves
 s - a staff of fire (weapon)
 Z - a staff of conjuration
Jewellery
 b - an amulet of the acrobat
 f - an amulet of reflection (around mantle)
 k - a ring of flight (left tentacle)
 n - a ring of fire (right tentacle)
 r - a ring of magical power (on tentacle)
 I - a ring of wizardry (on tentacle)
 N - a ring of wizardry (on tentacle)
 O - a +6 ring of dexterity (on tentacle)
 Q - a +6 ring of strength (on tentacle)
 S - the ring of Awe (on tentacle) {rCorr Int+3}
   (You acquired it on level 9 of the Dungeon)

   [ring of resist corrosion]

   Int:       It affects your intelligence (+3).
   rCorr:     It protects you from acid and corrosion.
Wands
 q - a wand of digging (4)
 H - a wand of light (13)
 K - a wand of mindburst (21)
 M - a wand of flame (38)
 R - a wand of roots (14)
 U - a wand of charming (19)
Scrolls
 c - 5 scrolls of amnesia
 e - 12 scrolls of teleportation
 g - 4 scrolls of enchant armour
 j - 2 scrolls of revelation
 p - 5 scrolls of immolation
 w - 3 scrolls of torment
 x - 5 scrolls of vulnerability
 y - 9 scrolls of identify
 z - 12 scrolls of enchant weapon
 D - a scroll of brand weapon
 E - a scroll of poison
 J - a scroll of fog
 L - a scroll of summoning
 W - a scroll of silence
Potions
 a - 4 potions of magic
 d - 3 potions of lignification
 i - 2 potions of heal wounds
 m - a potion of cancellation
 u - 8 potions of curing
 v - 8 potions of haste
 A - a potion of enlightenment
 B - a potion of berserk rage
 F - 4 potions of resistance
 G - 2 potions of invisibility
 V - 2 potions of attraction
 X - 6 potions of might
 Y - 4 potions of brilliance
Miscellaneous
 h - a phantom mirror


   Skills:
 + Level 2.4 Fighting
 + Level 1.4(1.6) Short Blades
 + Level 0.7(1.2) Long Blades
 + Level 1.6 Staves
 + Level 0.4 Throwing
 + Level 4.5 Dodging
 + Level 5.6 Stealth
 + Level 1.0 Shields
 * Level 16.8 Spellcasting
 * Level 12.1 Conjurations
 + Level 3.7 Hexes
 + Level 6.2 Summonings
 + Level 1.0 Translocations
 + Level 11.9 Fire Magic
 + Level 0.3 Ice Magic
 - Level 6.0 Air Magic
 * Level 11.2 Invocations


You had 5 spell levels left.
You knew the following spells:

 Your Spells              Type           Power      Damage    Failure   Level
a - Foxfire               Conj/Fire      100%       2x1d9     0%          1
b - Scorch                Fire           100%       2d9       1%          2
c - Inner Flame           Hex/Fire       98%        N/A       1%          3
d - Flame Wave            Conj/Fire      100%       2d21      1%          4
e - Summon Cactus Giant   Summ           27%        N/A       7%          6
f - Stone Arrow           Conj/Erth      100%       3d13      1%          3
g - Summon Guardian Gole  Hex/Summ       49%        N/A       1%          3
h - Iskenderun's Battles  Conj           73%        2d12      1%          5
i - Arcjolt               Conj/Air       32%        1d42      1%          5
j - Iskenderun's Mystic   Conj/Tloc      55%        2d12      1%          4
k - Summon Small Mammal   Summ           100%       N/A       1%          1
l - Call Canine Familiar  Summ           54%        N/A       1%          3
m - Hailstorm             Conj/Ice       54%        3d12      1%          3

Your spell library contained the following spells:

 Spells                   Type           Power      Damage    Failure   Level
 Magic Dart               Conj           100%       1d8       0%          1
 Kiss of Death            Conj/Necr      100%       2d13      1%          1
 Shock                    Conj/Air       100%       1d9       1%          1
 Momentum Strike          Conj/Tloc      100%       3d10      1%          2
 Static Discharge         Conj/Air       100%       2-7/arc   1%          2
 Confusing Touch          Hex            43%        N/A       1%          3
 Portal Projectile        Hex/Tloc       70%        N/A       1%          3
 Tukima's Dance           Hex            43%        N/A       1%          3
 Vhi's Electric Charge    Tloc/Air       82%        N/A       1%          3
 Volatile Blastmotes      Fire/Tloc      100%       2d18      1%          3
 Cause Fear               Hex            21%        N/A       1%          4
 Fulminant Prism          Conj/Hex       30%        3d16      1%          4
 Irradiate                Conj/Tmut      26%        3d20      1%          5
 Anguish                  Hex/Necr       16%        N/A       2%          4
 Dispel Undead            Necr           22%        3d12      6%          4
 Conjure Ball Lightning   Conj/Air       32%        3x3d10    2%          6
 Plasma Beam              Fire/Air       51%        2x1d66    2%          6
 Leda's Unmaking          Conj/Erth      27%        9d5       7%          6
 Spellforged Servitor     Conj/Summ      32%        N/A       11%         7
 Dispersal                Tloc           14%        N/A       45%         6
 Death Channel            Necr           11%        N/A       58%         6
 Eringya's Noxious Bog    Tmut/Pois      11%        4d6       58%         6
 Simulacrum               Ice/Necr       11%        N/A       58%         6
 Enfeeble                 Hex            21%        N/A       65%         7
 Lehudib's Crystal Spear  Conj/Erth      27%        10d7      94%         8
 Maxwell's Capacitive Co  Air            26%        ∞         94%         8
 Animate Armour           Summ/Erth      Unusable   N/A       N/A         4

Dungeon Overview and Level Annotations

Branches:
Dungeon (15/15)            Temple (0/1) D:7            Lair (5/5) D:9
  Swamp (1/4) Lair:2        Snake (0/4) Lair:2        Slime (0/5) Lair:4
    Orc (2/2) D:12            Elf (0/3) Orc:2        Vaults (0/5) D:13
 Depths (0/4) D:15        Ossuary (visited)         Volcano (visited)

Altars:
Ashenzari
Elyvilon
Fedhas
Gozag
Kikubaaqudgha
Qazlal
Ru
Sif Muna
Vehumet
Xom
Yredelemnul
The Shining One

Shops:
D:11 (   D:13 *   Orc:2 **[(

Annotations:
D:11 exclusion: orange crystal statue


Innate Abilities, Weirdness & Mutations

You cannot wear most types of armour.
You are amphibious.
You can wear up to eight rings at the same time.
Your skin changes colour to match your surroundings (Stealth+).
Your rubbery body absorbs attacks. (AC +1, EV +1)
((You are camouflaged when in or above water. (Stealth+)))
You have tentacles for arms and can constrict up to eight enemies at once.
One of your tentacles bears a nasty spike.
Your magical capacity is low. (-10% MP)
Your system is resistant to poisons. (rPois)
You occasionally lose the ability to drink potions when taking damage.


Message History

The thorn hunter resists with significant effort.
Unknown command.
Casting: Inner Flame (safe; 1% risk of failure)
Confirm with . or Enter, or press ? or * to list all spells.
You feel a strong surge of power!
Flames lash the thorn hunter.
The thorn hunter is burned terribly!
The thorn hunter is lightly damaged.
The thorn hunter's fire resistance burns away.
Your cactus giant hits the thorn hunter with a +0 giant spiked club!
The thorn hunter is engulfed in a cloud of scalding steam.
The thorn hunter fires a volley of thorns at you.
The volley of thorns hits you!
Casting: Scorch (safe; 1% risk of failure)
Confirm with . or Enter, or press ? or * to list all spells.
You feel a strong surge of power!
Flames lash the thorn hunter.
The thorn hunter is burned terribly!
The thorn hunter is moderately damaged.
The thorn hunter is engulfed in a cloud of scalding steam.
The thorn hunter gestures.
Thorny briars emerge from the ground!
Casting: Scorch (safe; 1% risk of failure)
Confirm with . or Enter, or press ? or * to list all spells.
Aiming: Stone Arrow (safe; 1% risk of failure)
Press: ? - help, Shift-Dir - straight line, f/p - thorn hunter
Aim: a thorn hunter (steam, moderately damaged, more vulnerable to fire, ally target, 81% to hit)
The stone arrow misses the thorn hunter.
The thorn hunter is engulfed in a cloud of scalding steam.
The thorn hunter fires a volley of thorns at you.
The volley of thorns hits you!!
You feel threatened and lose the ability to drink potions!
* * * LOW HITPOINT WARNING * * *
Casting: Stone Arrow (safe; 1% risk of failure)
Confirm with . or Enter, or press ? or * to list all spells.
Okay, then.
As you read the scroll of summoning, it crumbles to dust.
Wisps of shadow whirl around you...
The thorn hunter is engulfed in a cloud of scalding steam.
The thorn hunter fires a volley of thorns at you.
The volley of thorns hits you!!
You die...

.♣ .♣♣ ♣ ♣..♣♣
♣. ♣P... .♣♣
♣♣.♣~ .~♣♣ ~
~~.. ...♣~~~
♣~♣F♣♣♣iC...~~
♣.♣♣.@..f..~♣
♣.<.♣i~~~.~~♣
♣.~~.~♣~~~.~♣
♣§~~~.~~~~~~$~
♣P~i.~~~~~.~..~
♣.~♣♣..~...♣♣..
..♣ ♣♣♣♣♣♣♣♣ .
.♣. ....


You could see a thorn hunter (combustible, ally target), 3 friendly spriggan
riders, a friendly cactus giant (summoned) and a friendly goliath frog
(summoned).

Vanquished Creatures
  Gastronok (D:9)
  An orc warlord (Orc:2)
  A very ugly thing (D:15)
  Nessos (D:12)
  Snorg (Lair:4)
  A fire dragon (Lair:5)
  A great orb of eyes (D:15)
  3 hydras
  Erolcha (D:9)
  2 rakshasas (D:15)
  A vault guard (D:13)
  2 catoblepae
  5 centaur warriors
  A death knight (D:13)
  7 two-headed ogres
  2 boulder beetles
  4 death yaks
  A tengu warrior (D:13)
  An orc high priest (Orc:2)
  Sonja (Orc:1)
  A sun demon (Volcano)
  3 skysharks
  5 lindwurms
  4 orc knights
  3 orc sorcerers
  2 ugly things
  A deep elf pyromancer (D:7)
  A manticore (D:15)
  5 cyclopes
  20 elephants
  Maurice (D:12)
  7 black mambas
  An ice statue (D:10)
  A gargoyle (D:12)
  3 molten gargoyles (Lair:5)
  10 cane toads
  16 komodo dragons
  2 rime drakes
  2 efreet
  A harpy zombie (D:15)
  2 tengu conjurers (D:15)
  8 trolls
  2 hornets (D:8)
  A polar bear (Lair:3)
  21 blink frogs
  A tyrant leech (Swamp:1)
  A meliai zombie (D:15)
  12 slime creatures
  A shadow (D:9)
  A wraith (D:10)
  54 yaks
  7 wyverns
  A fire elemental (D:15)
  6 basilisks
  2 fire bats (Orc:2)
  2 death yak simulacra (Lair:5)
  5 steam dragons
  7 vampire mosquitoes
  3 nagas (Lair:2)
  4 wargs (Orc:2)
  3 acid dragons
  7 hell hounds
  12 water moccasins
  3 hornet zombies
  An ice beast (D:6)
  41 orc warriors
  3 black bears
  9 ogres
  4 sky beasts
  11 wolves
  4 boggarts (D:14)
  3 centaurs
  A phantom (D:5)
  2 nameless horrors
  5 elf zombies (Ossuary)
  2 kobold brigands
  2 gnoll sergeants
  10 bullfrogs
  2 cane toad simulacra (Lair:5)
  3 scorpions
  10 wights
  4 electric eels
  7 howler monkeys
  5 lava snakes (Lair:5)
  A quasit (D:6)
  13 centaur zombies
  A human zombie (Ossuary)
  3 hounds
  A jelly (D:8)
  A gnoll bouda (D:7)
  20 orc priests
  A sleepcap (D:8)
  2 boggart zombies (D:15)
  5 iguanas
  23 orc wizards
  5 hell rats (Lair:5)
  A polar bear simulacrum (Lair:5)
  4 mummies
  14 gnolls
  3 adders
  A white imp (D:8)
  A worm (D:2)
  2 dart slugs
  103 orcs
  7 endoplasms
  2 giant cockroaches
  10 goblins
  7 hobgoblins
  7 jackals
  9 kobolds
  7 quokkas
  12 ball pythons
  8 bats
  4 frilled lizards
  2 goblin skeletons (D:6)
  A goblin zombie (D:6)
  3 hobgoblin zombies (D:6)
  3 kobold zombies (D:6)
  An orc zombie (D:6)
  2 rats
  2 foxfires (Lair:4)
714 creatures vanquished.

Vanquished Creatures (collateral kills)
  Azrael (D:15)
  An ogre mage (D:15)
  3 two-headed ogres
  A boulder beetle (D:15)
  Nergalle (D:12)
  3 ugly things
  A deep elf pyromancer (D:14)
  A cyclops (D:15)
  A manticore (D:15)
  3 centaur zombies (D:15)
  A yaktaur (D:15)
  A slime creature (shapeshifter) (D:15)
  A slime creature (D:14)
  A wraith (D:12)
  A fire bat (Orc:2)
  A basilisk (Lair:4)
  2 hell hounds
  A boggart (D:14)
  2 ogres (D:15)
  A boggart zombie (D:15)
  6 foxfires
34 creatures vanquished.

Vanquished Creatures (others)
  Rupert (Lair:4)
  2 slime creatures (D:13)
  A wyvern (D:9)
  A water moccasin (D:9)
  1639 foxfires
1644 creatures vanquished.

Grand Total: 2392 creatures vanquished

Notes
Turn   | Place    | Note
-------+----------+-------------------------------------------
     0 | D:1      | Conn the Octopode Fire Elementalist began the quest for the
                  | Orb.
     0 | D:1      | Reached XP level 1. HP: 11/11 MP: 3/3
   103 | D:1      | Reached XP level 2. HP: 17/17 MP: 0/5
   605 | D:1      | Reached XP level 3. HP: 21/21 MP: 1/6
  1230 | D:2      | Reached XP level 4. HP: 22/27 MP: 7/7
  1272 | D:2      | HP: 2/40 [poisoned by an adder]
  1731 | D:3      | Found a faded altar of an unknown god.
  2446 | D:4      | Noticed an ogre
  2468 | D:4      | Learned a level 2 spell: Scorch
  2472 | D:4      | Learned a level 3 spell: Inner Flame
  2588 | D:4      | Found a shimmering blue altar of Sif Muna.
  2612 | D:4      | Reached XP level 5. HP: 22/31 MP: 8/8
  2646 | D:4      | Became a worshipper of Sif Muna the Loreminder
  2816 | D:4      | Identified the +2 leather armour of Prudence {rF+ Dex+2}
  2971 | D:4      | Reached skill level 1 in Short Blades
  2971 | D:4      | Reached XP level 6. HP: 28/37 MP: 10/10
  2974 | D:4      | Reached skill level 3 in Spellcasting
  3407 | D:4      | Reached XP level 7. HP: 42/42 MP: 12/12
  3739 | D:5      | Entered Level 5 of the Dungeon
  3747 | D:5      | Reached * piety under Sif Muna
  3797 | D:5      | Found a sand-covered staircase.
  3805 | Ossuary  | Entered an ossuary
  3866 | Ossuary  | Reached skill level 5 in Fire Magic
  3870 | Ossuary  | Reached skill level 4 in Spellcasting
  3874 | Ossuary  | Reached skill level 1 in Invocations
  4023 | Ossuary  | Reached XP level 8. HP: 46/47 MP: 14/14
  4134 | Ossuary  | Reached skill level 5 in Spellcasting
  4257 | Ossuary  | Identified a scroll of acquirement
  4258 | Ossuary  | Acquired 1102 gold pieces
  4433 | D:5      | Found an opulent altar of Gozag.
  4848 | D:5      | Reached skill level 1 in Fighting
  4848 | D:5      | Reached skill level 1 in Hexes
  5507 | D:6      | Found a glowing golden altar of the Shining One.
  5689 | D:6      | Reached XP level 9. HP: 53/53 MP: 17/17
  5729 | D:6      | Reached ** piety under Sif Muna
  5739 | D:6      | Learned a level 4 spell: Flame Wave
  5894 | D:6      | Reached skill level 6 in Spellcasting
  6172 | D:6      | Reached skill level 5 in Stealth
  6172 | D:6      | Reached skill level 5 in Conjurations
  6259 | D:7      | Noticed a deep elf pyromancer
  6267 | D:7      | Killed a deep elf pyromancer
  6282 | D:7      | Learned a level 6 spell: Summon Cactus Giant
  6381 | D:7      | Found a staircase to the Ecumenical Temple.
  6563 | D:7      | Reached skill level 1 in Summonings
  6714 | D:7      | Reached skill level 7 in Spellcasting
  6770 | D:7      | Reached XP level 10. HP: 58/58 MP: 20/20
  6927 | D:7      | Learned a level 3 spell: Stone Arrow
  6931 | D:7      | Learned a level 3 spell: Summon Guardian Golem
  7232 | D:8      | Noticed a two-headed ogre
  7414 | D:8      | Paralysed by a hornet for 3 turns
  7579 | D:8      | Reached *** piety under Sif Muna
  7580 | D:8      | Reached skill level 8 in Spellcasting
  7725 | D:8      | Killed a two-headed ogre
  7726 | D:8      | Reached skill level 5 in Invocations
  7917 | D:8      | Found a sacrificial altar of Ru.
  8089 | D:8      | Reached skill level 9 in Spellcasting
  8089 | D:8      | Reached XP level 11. HP: 57/63 MP: 9/24
  8314 | D:8      | Found a shimmering altar of Xom.
  8316 | D:8      | Found an ancient bone altar of Kikubaaqudgha.
  8451 | D:8      | Gained mutation: You occasionally lose the ability to drink
                  | potions when taking damage. [potion of mutation]
  8452 | D:8      | Lost mutation: You occasionally lose the ability to drink
                  | potions when taking damage. [potion of mutation]
  8452 | D:8      | Gained mutation: Your magical capacity is low. (-10% MP)
                  | [potion of mutation]
  8452 | D:8      | Gained mutation: You are strong-willed. (Will+) [potion of
                  | mutation]
  8452 | D:8      | Gained mutation: You are weak. (Str -2) [potion of
                  | mutation]
  8654 | D:9      | HP: 2/63 [yak (9)]
  8843 | D:9      | Found a staircase to the Lair.
  8921 | D:9      | Found a white marble altar of Elyvilon.
  9046 | D:9      | Noticed Erolcha
  9098 | D:9      | Killed Erolcha
  9142 | D:9      | Noticed Gastronok
  9189 | D:9      | Killed Gastronok
  9358 | D:9      | Reached **** piety under Sif Muna
  9365 | D:9      | Reached skill level 10 in Spellcasting
  9847 | D:9      | Acquired the ring of Awe {rCorr Int+3}
 10082 | D:9      | Identified the +0 chain mail "Ecrism Baetz" {Regen+ rCorr}
 10098 | D:9      | Found a stormy altar of Qazlal.
 10351 | D:10     | Entered Level 10 of the Dungeon
 10573 | D:10     | Found a broken altar of Ashenzari.
 10926 | D:10     | Identified the +0 leather armour "Foukk" {-Tele Harm +Inv
                  | SInv}
 11329 | D:11     | Reached XP level 12. HP: 66/69 MP: 24/24
 11535 | D:11     | Found the +7 mace of Variability {chaos, chaos arc}
 11549 | D:11     | Reached skill level 11 in Spellcasting
 11554 | D:11     | Noticed a boulder beetle
 12064 | D:11     | Found Ogon's Weapon Emporium.
 12388 | D:11     | Noticed a two-headed ogre
 12397 | D:11     | Killed a two-headed ogre
 12408 | D:11     | Noticed a boulder beetle
 12653 | D:10     | Learned a level 5 spell: Iskenderun's Battlesphere
 12659 | D:10     | Learned a level 5 spell: Arcjolt
 12720 | Lair:1   | Entered Level 1 of the Lair of Beasts
 12725 | Lair:1   | Reached skill level 1 in Air Magic
 13299 | Lair:1   | Noticed a catoblepas
 13312 | Lair:1   | Killed a catoblepas
 13618 | Lair:1   | Noticed a skyshark
 13624 | Lair:1   | Killed a skyshark
 14227 | Lair:1   | Reached skill level 12 in Spellcasting
 14421 | Lair:2   | Reached skill level 5 in Summonings
 14445 | Lair:2   | Noticed an eight-headed hydra
 14454 | Lair:2   | Killed an eight-headed hydra
 14456 | Lair:2   | Reached XP level 13. HP: 47/74 MP: 17/26
 14826 | Lair:2   | Reached skill level 1 in Staves
 14990 | Lair:2   | Found a staircase to the Swamp.
 15276 | Lair:2   | Reached skill level 10 in Fire Magic
 15683 | Lair:2   | Learned a level 4 spell: Iskenderun's Mystic Blast
 15931 | Lair:2   | Found a staircase to the Snake Pit.
 16764 | Lair:3   | Reached skill level 13 in Spellcasting
 17153 | Lair:3   | Reached skill level 10 in Conjurations
 17501 | Lair:4   | Learned a level 1 spell: Summon Small Mammal
 17535 | Lair:4   | Noticed Rupert
 17548 | Lair:4   | Killed Rupert
 17549 | Lair:4   | Reached XP level 14. HP: 25/80 MP: 1/28
 17914 | Lair:4   | Noticed Snorg
 17928 | Lair:4   | Killed Snorg
 18239 | Lair:4   | Found a staircase to the Slime Pits.
 18358 | Lair:4   | Acquired 1091 gold pieces
 18786 | Lair:5   | Entered Level 5 of the Lair of Beasts
 18897 | Lair:5   | Reached skill level 5 in Air Magic
 18920 | Lair:5   | Reached skill level 14 in Spellcasting
 19135 | Lair:5   | Reached ***** piety under Sif Muna
 19934 | Lair:5   | Received a gift from Sif Muna
 19935 | Lair:5   | Got Sif Muna's Secrets of Impulse {god gift}
 19963 | Lair:5   | Learned a level 3 spell: Call Canine Familiar
 20638 | Lair:5   | Found a broken altar of Ashenzari.
 20877 | Lair:5   | Found a large runed translucent door.
 20877 | Lair:5   | Found a large runed translucent door.
 22375 | D:12     | Noticed Maurice
 22380 | D:12     | Killed Maurice
 22573 | D:12     | Noticed Nessos
 22584 | D:12     | Killed Nessos
 22585 | D:12     | Reached XP level 15. HP: 31/85 MP: 24/30
 22749 | D:12     | Found a radiant altar of Vehumet.
 22867 | D:12     | Found a staircase to the Orcish Mines.
 23078 | D:12     | Identified the +4 long sword of Tony {pain, Dex+3}
 23085 | D:12     | Noticed Nergalle
 23096 | D:12     | Killed Nergalle
 23360 | D:12     | Identified the +4 whip of Neurosis {freeze, Fly rF+ Dex-2
                  | Stlth+}
 23721 | D:13     | Found Rygejib's Elemental Accessories.
 23803 | Orc:1    | Entered Level 1 of the Orcish Mines
 23965 | Orc:1    | Noticed Sonja
 23975 | Orc:1    | Killed Sonja
 24550 | Orc:2    | Entered Level 2 of the Orcish Mines
 24717 | Orc:2    | Received a gift from Sif Muna
 24720 | Orc:2    | Reached skill level 15 in Spellcasting
 24757 | Orc:2    | Reached skill level 10 in Invocations
 24793 | Orc:2    | Noticed an orc warlord
 24948 | Orc:2    | Found Komoa's Antique Armour Shop.
 24951 | Orc:2    | Found Uthre Ine's Antique Weapon Boutique.
 24983 | Orc:2    | Killed an orc warlord
 25084 | Orc:2    | Found a dark tunnel.
 25093 | Volcano  | Entered a volcano
 25124 | Volcano  | Reached skill level 1 in Shields
 25741 | Orc:2    | Found Fumunn's Assorted Antiques.
 25904 | Orc:2    | Found a staircase to the Elven Halls.
 25956 | Orc:2    | Got Nedeakk's Folio of the Brilliant Zephyr {god gift}
 25965 | Orc:2    | Learned a level 3 spell: Hailstorm
 26063 | Orc:2    | Found Goth's General Store.
 26646 | D:13     | Lost mutation: You are weak. (Str -2) [potion of mutation]
 26646 | D:13     | Lost mutation: You are strong-willed. (Will+) [potion of
                  | mutation]
 26646 | D:13     | Gained mutation: Your body sometimes deteriorates upon
                  | taking damage. [potion of mutation]
 26646 | D:13     | Gained mutation: Your body often deteriorates upon taking
                  | damage. [potion of mutation]
 26646 | D:13     | Gained mutation: You occasionally shout uncontrollably at
                  | your foes. [potion of mutation]
 26646 | D:13     | Gained mutation: One of your tentacles bears a spike.
                  | [potion of mutation]
 26668 | D:13     | Found a blossoming altar of Fedhas.
 27546 | D:13     | Found a gate to the Vaults.
 28329 | D:14     | Received a gift from Sif Muna
 29690 | D:15     | Entered Level 15 of the Dungeon
 29809 | D:15     | Found a basalt altar of Yredelemnul.
 29820 | D:15     | Reached skill level 16 in Spellcasting
 30062 | D:15     | Lost mutation: Your body often deteriorates upon taking
                  | damage. [potion of mutation]
 30062 | D:15     | Lost mutation: Your body sometimes deteriorates upon taking
                  | damage. [potion of mutation]
 30062 | D:15     | Lost mutation: You occasionally shout uncontrollably at
                  | your foes. [potion of mutation]
 30062 | D:15     | Gained mutation: You occasionally lose the ability to drink
                  | potions when taking damage. [potion of mutation]
 30062 | D:15     | Gained mutation: Your system is resistant to poisons.
                  | (rPois) [potion of mutation]
 30062 | D:15     | Gained mutation: One of your tentacles bears a nasty spike.
                  | [potion of mutation]
 30299 | D:15     | Reached XP level 16. HP: 54/91 MP: 0/32
 30357 | D:15     | Noticed Azrael
 30363 | D:15     | Killed Azrael
 30972 | D:15     | Received a gift from Sif Muna
 30973 | D:15     | Got Sif Muna's Advanced Steps in Hermetics {god gift}
 31837 | D:15     | Reached skill level 1 in Translocations
 32003 | D:15     | Paralysed by a great orb of eyes for 4 turns
 32330 | D:15     | Found a staircase to the Depths.
 32739 | Swamp:1  | Entered Level 1 of the Swamp
 32747 | Swamp:1  | Noticed a thorn hunter
 32756 | Swamp:1  | Killed from afar by a thorn hunter

Illustrated notes

Levels and vault maps discovered:
D:1:      psy_arrival_whirlpool, layout_rooms, st_stairs_6
D:2:      layout_rooms, serial_curves, eino_curves_04, eino_curves_03,
          amcnicky_mini_pool_small
D:3:      layout_loops_ring, hellmonk_ecumenical_altar_blasted,
          minmay_goblin_kobold_house
D:4:      layout_gridville, kennysheep_orc_sif_temple, serial_glass,
          glass_columns_a, glass_columns_b, glass_columns_a, glass_columns_b,
          due_unseen_surprise
D:5:      layout_cave_pods, mainiacjoe_overflow_small_starburst,
          gup_ossuary_entry_pyramid
D:6:      layout_rooms, nicolae_tso_besieged_by_evil
D:7:      layout_rooms, temple_pool_b, serial_undead, serial_undead_d,
          serial_undead_a, serial_undead_a, serial_undead_c
D:8:      layout_rooms, mainiacjoe_overflow_surrounded_room,
          gammafunk_temple_overflow_statue, minmay_joined_circles
D:9:      layout_basic, nicolae_qazlal_scattered_showers, old_standard_altar,
          minmay_lair_entry_grove, uniq_erolcha, uniq_gastronok
D:10:     layout_loops_ring, ashenzari_altar_1, minivault_16
D:11:     layout_loops_cross, serial_shops, nicolae_shop_back_alley_shop,
          minmay_protected_statue
D:12:     layout_basic, orc_0_dummy, nicolae_vehumet_radiance, uniq_nergalle,
          uniq_maurice, uniq_nessos
D:13:     layout_basic, david_vaults_5, nicolae_elemental_shop,
          fedhas_ov_isle_minmay
D:14:     layout_loops_corners, minivault_19, special_room [special_room_orc]
D:15:     gammafunk_enter_depths_forms, layout_basic, nicolae_two_hexagons,
          nicolae_yredelemnul_corpse_copse, uniq_azrael
Lair:1:   layout_cave_pods, serial_rivers, chequers_serial_rivers_micro_b,
          chequers_serial_rivers_micro_a, chequers_serial_rivers_small_b,
          chequers_serial_rivers_room_b, chequers_serial_rivers_room_b
Lair:2:   layout_regular_city, minmay_swamp_entry_reptiles,
          nicolae_snake_entry_squirm, minmay_lindwurm_lava,
          infiniplex_staircase_pool
Lair:3:   layout_chaotic_city, chequers_serial_rivers_small_b,
          grunt_megastairs_3, serial_bayou_shore_b
Lair:4:   layout_layer_cave, dpeg_slime_entry_enclosed, nicolae_lair_yak_garden,
          uniq_rupert, uniq_snorg
Lair:5:   cheibrodos_lair_end_hotspot, layout_layer_cave,
          portal_ice_cave_entry_ice_simulacra, basic_altar, disabler_island
Swamp:1:  layout_falls_marsh, evilmike_swamp_ruin_rubble_1, uniq_roxanne
Orc:1:    layout_diamond_mine, uniq_sonja
Orc:2:    grunt_orc_community_town_hall, layout_caves,
          grunt_orc_community_big_house_2, grunt_orc_community_big_house_1,
          grunt_orc_community_house_3, grunt_orc_community_house_1,
          grunt_orc_community_house_3, grunt_orc_community_house_1,
          grunt_orc_community_house_1, grunt_orc_community_house_3,
          nicolae_volcano_entry_batcave

Skill      XL: |  1  2  3  4  5  6  7  8  9 10 11 12 13 14 15 16 |
---------------+-------------------------------------------------+-----
Stealth        | 3 4 5 |  5.6
Conjurations   | 2 3 4 5 7 8 10 11 12 | 12.1
Fire Magic     | 4 5 7 8 9 10 11 | 11.9
Short Blades   | 1 |  1.4
Spellcasting   | 3 4 5 7 9 10 12 13 14 16 | 16.8
Invocations    | 1 3 4 5 6 7 9 11 | 11.2
Dodging        | 3 4 |  4.5
Fighting       | 1 2 |  2.4
Hexes          | 1 2 3 |  3.7
Summonings     | 1 3 4 5 6 |  6.2
Air Magic      | 3 4 6 |  6.0
Staves         | 1 |  1.6
Shields        | 1 |  1.0
Translocations | 1 |  1.0
Long Blades    | |  0.7
Throwing       | |  0.4
Ice Magic      | |  0.3

Action                     |  1- 3 |  4- 6 |  7- 9 | 10-12 | 13-15 | 16-18 || total
---------------------------+-------+-------+-------+-------+-------+-------++-------
  Melee: Tentacles         |     5 |     9 |    13 |     3 |    19 |     3 ||    52
         Unarmed           |     2 |       |       |       |       |       ||     2
         Constrict         |     9 |     6 |    13 |     6 |    11 |       ||    45
         Short sword       |    31 |    30 |    32 |       |       |       ||    93
         Punch             |     1 |       |       |       |     1 |       ||     2
         Falchion          |       |    10 |     1 |       |       |       ||    11
         Dagger            |       |       |       |    14 |       |       ||    14
         Staff             |       |       |       |       |    50 |     5 ||    55
         Kick              |       |       |       |       |     9 |     2 ||    11
  Throw: Dart              |       |       |       |     1 |     5 |       ||     6
   Cast: Foxfire           |    54 |    79 |   121 |   191 |   485 |    24 ||   954
         Scorch            |       |     9 |    47 |    98 |   191 |    28 ||   373
         Inner Flame       |       |       |    13 |    25 |    20 |     9 ||    67
         Flame Wave        |       |       |     4 |    45 |    86 |     7 ||   142
         Summon Guardian G |       |       |       |    11 |    10 |     1 ||    22
         Iskenderun's Batt |       |       |       |     9 |    52 |     1 ||    62
         Stone Arrow       |       |       |       |     3 |    31 |     1 ||    35
         Arcjolt           |       |       |       |     1 |    24 |     1 ||    26
         Summon Cactus Gia |       |       |       |     1 |    21 |    12 ||    34
         Iskenderun's Myst |       |       |       |       |    23 |     8 ||    31
         Call Canine Famil |       |       |       |       |     2 |       ||     2
         Hailstorm         |       |       |       |       |     2 |    20 ||    22
 Invoke: Channel Magic     |       |       |       |     4 |     9 |       ||    13
  Evoke: Wand              |       |       |       |     1 |       |       ||     1
    Use: Scroll            |       |     2 |     8 |    15 |    10 |     1 ||    36
         Potion            |       |     1 |     4 |    15 |     5 |       ||    25
   Stab: Sleeping          |     2 |     7 |     3 |     1 |     4 |       ||    17
 Armour: Skin              |     2 |     6 |     7 |    27 |    25 |     3 ||    70
  Dodge: Dodged            |    33 |    38 |    58 |    94 |   144 |    24 ||   391
  Block: Other             |       |       |    11 |    22 |    48 |     2 ||    83
         Reflection        |       |       |       |     1 |     2 |       ||     3

Table legend: (Time is in decaauts)
 A = Elapsed time spent in this place.
 B = Non-inter-level travel time spent in this place.
 C = Inter-level travel time spent in this place.
 D = Time resting spent in this place.
 E = Time spent auto-exploring this place.
 F = Levels seen in this place.
 G = Mean time per level.
                   A        B        C        D        E       F      G
               +--------+--------+--------+--------+--------+-----+--------+
         Total |  32765 |  31495 |   1270 |   3758 |  19529 |  25 | 1310.6 |
       Dungeon |  20059 |  19240 |    819 |   2599 |  11629 |  15 | 1337.3 |
          Lair |   9453 |   9038 |    415 |    767 |   6386 |   5 | 1890.6 |
         Swamp |     16 |     16 |      0 |      0 |      0 |   1 |   16.0 |
  Orcish Mines |   2283 |   2248 |     35 |     91 |   1215 |   2 | 1141.5 |
       Ossuary |    461 |    461 |      0 |    301 |      0 |   1 |  461.0 |
       Volcano |    490 |    490 |      0 |      0 |    299 |   1 |  490.0 |
               +--------+--------+--------+--------+--------+-----+--------+

Top non-repeatable levels by time:
  Lair:5: 2968 daAuts
    D:15: 2568 daAuts
    D:14: 2018 daAuts
  Lair:1: 1865 daAuts
  Lair:2: 1756 daAuts
     D:9: 1670 daAuts
  Lair:4: 1566 daAuts
    D:13: 1455 daAuts
    D:12: 1442 daAuts
    D:11: 1406 daAuts
   Orc:2: 1374 daAuts
     D:8: 1341 daAuts
     D:4: 1320 daAuts
  Lair:3: 1297 daAuts
    D:10: 1227 daAuts
